 Dungeon Crawl Stone Soup version 0.31-a0-435-g2c6fae2916 (webtiles) character file.

Game seed: 3084422762722099041

106 Dittersdorf the Covered (level 4, 0/29 HPs)
             Began as a Gargoyle Fighter on Aug 1, 2023.
             Slain by a giant cockroach (2 damage)
             ... on level 3 of the Dungeon.
             The game lasted 00:02:28 (1783 turns).

Dittersdorf the Covered (Gargoyle Fighter)          Turns: 1783, Time: 00:02:28

Health: 0/29       AC:  0    Str: 21    XL:     4   Next: 84%
Magic:  4/4        EV: 17    Int:  9    God:
Gold:   99         SH:  0    Dex: 14    Spells: 3/3 levels left

rFire   . . .        a - melded +0 flail
rCold   . . .        c - melded +0 buckler
rNeg    + . .        b - melded +0 scale mail
rPois   ∞            (helmet currently unavailable)
rElec   .            (cloak currently unavailable)
rCorr   .            (gloves currently unavailable)
SInv    .            n - melded +1 pair of boots
Will    .....        l - amulet of regeneration
Stlth   +            i - melded ring of protection from fire
HPRegen 1.04/turn    (ring currently unavailable)
MPRegen 0.09/turn

%: no passive effects
@: bat-form (expiring), flying, very quick
A: fast, flying, no casting, sickness immunity, AC +3, tiny, negative energy
resistance 1, (electricity resistance), torment resistance 1, petrification
resistance
a: no special abilities


You were on level 3 of the Dungeon.
You were a bat.
You visited 1 branch of the dungeon, and saw 3 of its levels.

You collected 99 gold pieces.

Inventory:

Hand Weapons
 a - a +0 flail (melded)
Armour
 b - a +0 scale mail (melded)
 c - a +0 buckler (melded)
 n - a +1 pair of boots (melded)
Jewellery
 i - a ring of protection from fire (melded)
 l - an amulet of regeneration (around neck)
Scrolls
 e - 2 scrolls of enchant weapon {unknown}
 g - 2 scrolls of teleportation {unknown}
 h - a scroll of silence {unknown}
 j - a scroll of torment {unknown}
 k - a scroll of fog {unknown}
 m - 2 scrolls of identify {unknown}
Potions
 d - a potion of might
 f - a potion of degeneration {unknown}


   Skills:
 + Level 4.0 Fighting
 + Level 2.9 Maces & Flails
 + Level 4.1 Armour
 + Level 4.1 Shields


You had 3 spell levels left.
You didn't know any spells.
Your spell library contained the following spells:

 Spells                   Type           Power      Damage    Failure   Level
 Sandblast                Erth           0%         2d4       38%         1
 Passwall                 Tmut/Erth      0%         N/A       52%         2
 Stone Arrow              Conj/Erth      0%         3d7       77%         3


Dungeon Overview and Level Annotations

Branches:
Dungeon (3/15)

Altars:

Shops:
D:1 *

Annotations:
D:3 Grinder


Innate Abilities, Weirdness & Mutations

You are a bat.
You are tiny and dextrous.
You move quickly.
You are flying.
Your equipment is almost entirely melded.
You are incapable of wielding weapons or throwing items.
You cannot cast spells.
You are immune to sickness and miasma.
((Your stone body is resilient. (AC +3)))
You are immune to poison.
You resist negative energy. (rN+)
((You are resistant to electric shocks. (rElec)))
You are resistant to unholy torment.
You are immune to petrification.


Message History

The giant cockroach is heavily wounded.
The giant cockroach bites you. Grinder closely misses you.
You barely miss the giant cockroach.
The giant cockroach is heavily wounded.
The giant cockroach completely misses you.
Grinder closely misses you.
The giant cockroach completely misses you.
You hit the giant cockroach but do no damage.
The giant cockroach is heavily wounded.
Grinder hits you.
You writhe in agony.
The giant cockroach closely misses you.
You hit the giant cockroach but do no damage.
The giant cockroach is heavily wounded.
Grinder closely misses you. The giant cockroach bites you.
You hit the giant cockroach.
The giant cockroach is almost dead.
The giant cockroach misses you. Grinder misses you.
You closely miss the giant cockroach.
The giant cockroach is almost dead.
The giant cockroach bites you. Grinder closely misses you.
You hit the giant cockroach but do no damage.
The giant cockroach is almost dead.
The giant cockroach bites you. Grinder gestures at you.
You suddenly lose the ability to move!
The giant cockroach bites you. Grinder barely misses you.
The giant cockroach bites you. Grinder hits you!
* * * LOW HITPOINT WARNING * * *
The giant cockroach bites you.
* * * LOW HITPOINT WARNING * * *
The giant cockroach bites you.
* * * LOW HITPOINT WARNING * * *
Grinder barely misses you.
Your transformation is almost over.
The giant cockroach barely misses you. Grinder hits you.
* * * LOW HITPOINT WARNING * * *
You writhe in agony.
* * * LOW HITPOINT WARNING * * *
You can move again.
The giant cockroach bites you.
You die...

###..### #...........
##...###### ##...........
###......######....).......
######†##.....##.........
#....#######)####### #..###
#.# #..## #.# #..#
#######.# #.... #b.5....#
...####..B####### .###
#...# #.#.. #.### .. #. ..


You could see Grinder and a giant cockroach.

Vanquished Creatures
  4 adders (D:2)
  2 dart slugs
  4 ball pythons
  5 endoplasms
  3 giant cockroaches
  2 hobgoblins
  4 jackals (D:2)
  10 kobolds
  6 quokkas
  7 bats
  A frilled lizard (D:2)
  8 goblins
  5 rats
61 creatures vanquished.

Notes
Turn   | Place    | Note
-------+----------+-------------------------------------------
     0 | D:1      | Dittersdorf the Gargoyle Fighter began the quest for the
                  | Orb.
     0 | D:1      | Reached XP level 1. HP: 14/14 MP: 1/1
    81 | D:1      | Reached XP level 2. HP: 18/19 MP: 2/2
   278 | D:1      | Found Hidib's Assorted Antiques.
   292 | D:1      | Reached XP level 3. HP: 23/23 MP: 3/3
   874 | D:2      | Found a faded altar of an unknown god.
   886 | D:2      | Reached XP level 4. HP: 29/29 MP: 4/4
  1755 | D:3      | Noticed Grinder
  1778 | D:3      | Paralysed by Grinder for 4 turns
  1782 | D:3      | HP: 1/29 [Grinder (3)]
  1783 | D:3      | Slain by a giant cockroach

Illustrated notes

Levels and vault maps discovered:
D:1:      dpeg_arrival_tiny_c, layout_loops_ring, serial_shops, shop
D:2:      layout_loops_ring, hellmonk_ecumenical_altar_pennies_from_heaven,
          nicolae_elevator_lobby_plus
D:3:      layout_rooms, riverfiend_overflow_shadow_ancestor,
          gammafunk_ghost_nasty_kobolds, uniq_grinder, uniq_crazy_yiuf_cottage

Skill      XL: |  1  2  3  4 |
---------------+-------------+-----
Armour         | 4 |  4.1
Shields        | 4 |  4.1
Fighting       | 4 |  4.0
Maces & Flails | |  2.9

Action                     |  1- 3 |  4- 6 || total
---------------------------+-------+-------++-------
  Melee: Flail             |    99 |    99 ||   198
         Unarmed           |       |    21 ||    21
 Armour: Scale mail        |    58 |    90 ||   148
  Dodge: Dodged            |    46 |   114 ||   160
  Block: Buckler           |    17 |    32 ||    49

Table legend: (Time is in decaauts)
 A = Elapsed time spent in this place.
 B = Non-inter-level travel time spent in this place.
 C = Inter-level travel time spent in this place.
 D = Time resting spent in this place.
 E = Time spent auto-exploring this place.
 F = Levels seen in this place.
 G = Mean time per level.
                   A        B        C        D        E       F      G
               +--------+--------+--------+--------+--------+-----+--------+
         Total |   1843 |   1710 |    133 |      0 |   1249 |   3 |  614.3 |
       Dungeon |   1843 |   1710 |    133 |      0 |   1249 |   3 |  614.3 |
               +--------+--------+--------+--------+--------+-----+--------+

Top non-repeatable levels by time:
     D:2: 939 daAuts
     D:1: 825 daAuts
     D:3: 79 daAuts
